 Dungeon Crawl Stone Soup version 0.29.1-15-g9cfb28693d (webtiles) character file.

Game seed: 13438158756384322221

1387 javelincjr the Caller (level 8, -4/59 HPs)
             Began as a Gnoll Summoner on Apr 11, 2023.
             Was a Follower of Sif Muna.
             Slain by an orc warrior
             ... wielding a +0 glaive
              (10 damage)
             ... on level 6 of the Dungeon on Apr 12, 2023.
             The game lasted 00:37:11 (8111 turns).

javelincjr the Caller (Gnoll Summoner)              Turns: 8111, Time: 00:37:12

Health: -4/59      AC:  6    Str:  9    XL:     8   Next: 67%
Magic:  6/17       EV: 12    Int: 14    God:    Sif Muna [*.....]
Gold:   42         SH:  9    Dex: 14    Spells: 9/19 levels left

rFire   . . .      SeeInvis .   H - +1 whip (venom)
rCold   + . .      Faith    +   e - +0 kite shield
rNeg    . . .      Spirit   .   a - +0 robe
rPois   +          Reflect  .   c - +1 hat
rElec   .          Harm     .   (no cloak)
rCorr   .          Rampage  .   E - +2 pair of gloves
Will    .....                   (no boots)
Stlth   +++.......              w - amulet of faith
HPRegen 0.19/turn               n - ring of poison resistance
MPRegen 0.15/turn               G - ring of protection from cold

@: no status effects
A: fangs 1, strong nose, distributed training
a: Renounce Religion, Channel Magic


You were on level 6 of the Dungeon.
You worshipped Sif Muna.
Sif Muna was aware of your devotion.
You visited 2 branches of the dungeon, and saw 7 of its levels.

You collected 304 gold pieces.
You spent 262 gold pieces at shops.

Inventory:

Hand Weapons
 p - a +0 hand axe
 H - a +1 whip of venom (weapon)
Missiles
 l - 3 atropa-tipped darts
 y - 4 silver javelins
Armour
 a - a +0 robe (worn)
 c - a +1 hat (worn)
 e - a +0 kite shield (worn)
 E - a +2 pair of gloves (worn)
Magical Staves
 x - a staff of fire
Jewellery
 n - a ring of poison resistance (left hand)
 q - an amulet of regeneration
 v - an amulet of reflection
 w - an amulet of faith (around neck)
 G - a ring of protection from cold (right hand)
Wands
 t - a wand of digging (5)
 z - a wand of flame (16)
Scrolls
 f - 2 scrolls of immolation
 g - 2 scrolls of teleportation
 i - a scroll of magic mapping {unknown}
 k - 3 scrolls of amnesia
 m - a scroll of vulnerability {unknown}
 o - a scroll of poison {unknown}
 s - 2 scrolls of blinking {unknown}
 u - a scroll of butterflies {unknown}
Potions
 b - a potion of magic
 d - 2 potions of heal wounds
 h - a potion of mutation {unknown}
 j - a potion of ambrosia {unknown}
 r - 5 potions of curing
 B - 2 potions of haste
 C - 2 potions of degeneration {unknown}
 D - a potion of flight {unknown}
 F - 2 potions of lignification {unknown}


   Skills:
 + Level 3.6 Fighting
 + Level 3.6 Short Blades
 + Level 3.6 Long Blades
 + Level 3.6 Axes
 + Level 3.6 Maces & Flails
 + Level 3.6 Polearms
 + Level 3.6 Staves
 + Level 3.6 Ranged Weapons
 + Level 3.6 Throwing
 + Level 3.6 Armour
 + Level 5.9 Dodging
 + Level 5.6 Stealth
 + Level 3.6 Shields
 + Level 3.6 Unarmed Combat
 + Level 6.2 Spellcasting
 + Level 3.0 Conjurations
 + Level 3.0 Hexes
 + Level 7.7 Summonings
 + Level 3.0 Necromancy
 + Level 3.0 Translocations
 + Level 3.0 Transmutations
 + Level 3.0 Fire Magic
 + Level 3.0 Ice Magic
 + Level 3.0 Air Magic
 + Level 3.0 Earth Magic
 + Level 3.0 Poison Magic
 + Level 4.0 Invocations
 + Level 3.6 Evocations


You had 9 spell levels left.
You knew the following spells:

 Your Spells              Type           Power      Damage    Failure   Level
a - Summon Small Mammal   Summ           100%       N/A       1%          1
b - Call Imp              Summ           26%        N/A       2%          2
c - Call Canine Familiar  Summ           26%        N/A       5%          3
d - Slow                  Hex            48%        N/A       14%         1
e - Summon Guardian Gole  Hex/Summ       19%        N/A       16%         3

Your spell library contained the following spells:

 Spells                   Type           Power      Damage    Failure   Level
 Confusing Touch          Hex            12%        N/A       38%         3
 Vampiric Draining        Necr           12%        2d6       38%         3
 Summon Lightning Spire   Summ/Air       19%        N/A       45%         4


Dungeon Overview and Level Annotations

Branches:
Dungeon (6/15)             Temple (1/1) D:5

Altars:
Ashenzari
Dithmenos
Elyvilon
Gozag
Kikubaaqudgha
Makhleb
Okawaru
Qazlal
Ru
Sif Muna
Uskayaw
Wu Jian
Xom
Zin

Shops:
D:5 [?**


Innate Abilities, Weirdness & Mutations

You have very sharp teeth.
Your uncanny sense of smell can sniff out nearby items.
Your experience applies equally to all skills.


Message History

The orc hits your hound with a +0 club.
Your hound barely misses the orc warrior.
Your white imp gestures at the orc warrior.
The puff of frost hits the orc warrior!
The orc warrior closely misses your white imp.
Your hound bites the orc warrior but does no damage.
Your hound barely misses the orc warrior.
Your white imp gestures at the orc warrior.
The puff of frost misses the orc warrior.
The orc warrior hits your white imp with a +0 glaive!
Your white imp dies!
Your white imp disappears in a puff of smoke!
Your hound closely misses the orc warrior.
Your hound bites the orc.
Casting: Summon Guardian Golem (dangerous; 16% risk of failure)
Confirm with . or Enter, or press ? or * to list all spells.
A beastly little devil appears in a puff of flame.
Your hound closely misses the orc.
You block the orc warrior's attack.
The orc hits your guardian golem but does no damage.
Your hound barely misses the orc.
The orc hits your guardian golem but does no damage.
Your crimson imp barely misses the orc warrior.
Your crimson imp barely misses the orc warrior.
Your hound closely misses the orc warrior.
Your crimson imp blinks!
Casting: Call Imp (safe; 2% risk of failure)
Confirm with . or Enter, or press ? or * to list all spells.
The orc warrior hits you from afar with a +0 glaive!
* * * LOW HITPOINT WARNING * * *
Your hound bites the orc warrior.
Your crimson imp hits the orc.
Your hound barely misses the orc warrior.
Your hound closely misses the orc.
Your hound completely misses the orc.
Your quokka closely misses the orc warrior.
Your quokka completely misses the orc warrior.
Your quokka closely misses the orc.
Casting: Summon Small Mammal (safe; 1% risk of failure)
Confirm with . or Enter, or press ? or * to list all spells.
The orc warrior hits you from afar with a +0 glaive!
You die...

##......##.#
##........# .
##.....#### ..
#....9.## ...
###...#5rh##
#...#)9.o####o.##
#.....5## ##or##
#..)).## ##..##
##...## ##@.## #####
##..## ##..# #..##
###### ##...# .....##
###.)..# †.....###
###)..)..#
........#####...######
.............####


You could see an orc warrior (ally target), an orc, a friendly guardian golem
(summoned), a friendly hound (summoned, sheltered), a friendly crimson imp
(summoned, sheltered) and 2 friendly quokkas.

Vanquished Creatures
  A sky beast (D:6)
  2 scorpions (D:5)
  A howler monkey (D:4)
  An orc priest (D:6)
  An iguana (D:4)
  A shadow imp (D:6)
  A white imp (D:5)
  4 orcs
  2 ball pythons
  3 goblins
  2 hobgoblins
  A bat (D:2)
  A frilled lizard (D:2)
  2 kobolds (D:4)
23 creatures vanquished.

Vanquished Creatures (collateral kills)
  Menkaure (D:5)
  An ogre (D:5)
  2 scorpions (D:5)
  A necrophage (D:6)
  2 jellies
  A hound (D:4)
  3 orc wizards (D:4)
  2 iguanas (D:5)
  6 gnolls
  7 adders
  2 worms (D:2)
  5 orcs
  10 endoplasms
  3 giant cockroaches
  7 goblins
  9 hobgoblins
  3 jackals (D:1)
  2 quokkas
  3 ball pythons
  2 bats
  A frilled lizard (D:1)
  10 kobolds
  7 rats
90 creatures vanquished.

Vanquished Creatures (others)
  2 ice beasts (D:5)
  A gnoll sergeant (D:6)
  A gnoll (D:6)
  8 fungi (D:4)
  7 toadstools (D:4)
19 creatures vanquished.

Grand Total: 132 creatures vanquished

Notes
Turn   | Place    | Note
-------+----------+-------------------------------------------
     0 | D:1      | javelincjr the Gnoll Summoner began the quest for the Orb.
     0 | D:1      | Reached XP level 1. HP: 13/13 MP: 6/6
   361 | D:1      | Reached XP level 2. HP: 19/19 MP: 4/7
   800 | D:1      | Learned a level 2 spell: Call Imp
   952 | D:1      | Reached skill level 5 in Spellcasting
   952 | D:1      | Reached XP level 3. HP: 25/25 MP: 2/9
  1017 | D:1      | Found a faded altar of an unknown god.
  1568 | D:2      | Reached skill level 1 in Invocations
  1570 | D:2      | Learned a level 3 spell: Call Canine Familiar
  1622 | D:2      | Reached skill level 1 in Fighting
  1622 | D:2      | Reached skill level 1 in Short Blades
  1622 | D:2      | Reached skill level 1 in Long Blades
  1622 | D:2      | Reached skill level 1 in Axes
  1622 | D:2      | Reached skill level 1 in Maces & Flails
  1622 | D:2      | Reached skill level 1 in Polearms
  1622 | D:2      | Reached skill level 1 in Staves
  1622 | D:2      | Reached skill level 1 in Ranged Weapons
  1622 | D:2      | Reached skill level 1 in Throwing
  1622 | D:2      | Reached skill level 1 in Armour
  1622 | D:2      | Reached skill level 1 in Shields
  1622 | D:2      | Reached skill level 1 in Unarmed Combat
  1622 | D:2      | Reached skill level 1 in Evocations
  1991 | D:2      | Reached XP level 4. HP: 32/32 MP: 2/11
  2965 | D:3      | Learned a level 1 spell: Slow
  3097 | D:3      | Reached skill level 1 in Conjurations
  3097 | D:3      | Reached skill level 1 in Hexes
  3097 | D:3      | Reached skill level 1 in Necromancy
  3097 | D:3      | Reached skill level 1 in Translocations
  3097 | D:3      | Reached skill level 1 in Transmutations
  3097 | D:3      | Reached skill level 1 in Fire Magic
  3097 | D:3      | Reached skill level 1 in Ice Magic
  3097 | D:3      | Reached skill level 1 in Air Magic
  3097 | D:3      | Reached skill level 1 in Earth Magic
  3097 | D:3      | Reached skill level 1 in Poison Magic
  3176 | D:3      | Learned a level 3 spell: Summon Guardian Golem
  3257 | D:3      | Found an opulent altar of Gozag.
  3319 | D:3      | Found Viev's Weapon Shop.
  4254 | D:4      | Reached XP level 5. HP: 29/37 MP: 1/12
  4510 | D:4      | Reached XP level 6. HP: 36/44 MP: 9/14
  4683 | D:4      | Reached skill level 5 in Dodging
  5293 | D:5      | Entered Level 5 of the Dungeon
  5450 | D:5      | Found Wageruy's Magic Scroll Boutique.
  5459 | D:5      | Bought a scroll of identify for 28 gold pieces
  5618 | D:5      | Found an iron altar of Okawaru.
  5618 | D:5      | Found a shadowy altar of Dithmenos.
  5685 | D:5      | Found a staircase to the Ecumenical Temple.
  5724 | D:5      | Reached XP level 7. HP: 38/51 MP: 10/15
  5776 | Temple   | Entered the Ecumenical Temple
  5833 | Temple   | Became a worshipper of Sif Muna the Loreminder
  6031 | D:5      | Noticed Menkaure
  6048 | D:5      | Killed Menkaure
  6049 | D:5      | Reached skill level 5 in Stealth
  6366 | D:5      | Found Hythrorets's General Store.
  6368 | D:5      | Found Suoghiej's Specific Store.
  6391 | D:5      | Bought a +2 pair of gloves for 198 gold pieces
  6391 | D:5      | Bought a potion of curing for 36 gold pieces
  6516 | D:5      | Reached XP level 8. HP: 57/58 MP: 3/16
  6589 | D:5      | Found a glowing silver altar of Zin.
  6590 | D:5      | Noticed an angel
  6854 | D:5      | Found Amouvi Selu's Armour Shoppe.
  7518 | D:6      | Found a sacrificial altar of Ru.
  8090 | D:6      | Reached * piety under Sif Muna
  8111 | D:6      | Slain by an orc warrior

Illustrated notes

Levels and vault maps discovered:
D:1:      saegor_arrival_simple_c, layout_loops_ring,
          ebering_ecumenical_altar_box
D:2:      layout_loops_cross
D:3:      layout_loops_ring, general_overflow_altar, serial_shops, shop
D:4:      cheibrodos_fertilizer, layout_basic, hex_medium,
          minmay_misc_feat_ornament
D:5:      layout_loops_corners, zin_angel, nicolae_overflow_two_pavilions,
          minmay_temple_entry_statues_fountains, serial_shops, shop_statue,
          kennysheep_mini, nicolae_sextant, nicolae_specific_store,
          uniq_menkaure
D:6:      layout_layer_cave, marbit_many_paths, serial_shops,
          nicolae_shop_window_shopping, uniq_maggie
Temple:   nicolae_temple_figure_zero

Skill      XL: |  1  2  3  4  5  6  7  8 |
---------------+-------------------------+-----
Spellcasting   | 5 6 |  6.2
Invocations    | 1 2 3 4 |  4.0
Fighting       | 1 2 3 |  3.6
Short Blades   | 1 2 3 |  3.6
Long Blades    | 1 2 3 |  3.6
Axes           | 1 2 3 |  3.6
Maces & Flails | 1 2 3 |  3.6
Polearms       | 1 2 3 |  3.6
Staves         | 1 2 3 |  3.6
Ranged Weapons | 1 2 3 |  3.6
Throwing       | 1 2 3 |  3.6
Armour         | 1 2 3 |  3.6
Shields        | 1 2 3 |  3.6
Unarmed Combat | 1 2 3 |  3.6
Evocations     | 1 2 3 |  3.6
Conjurations   | 1 2 3 |  3.0
Hexes          | 1 2 3 |  3.0
Necromancy     | 1 2 3 |  3.0
Translocations | 1 2 3 |  3.0
Transmutations | 1 2 3 |  3.0
Fire Magic     | 1 2 3 |  3.0
Ice Magic      | 1 2 3 |  3.0
Air Magic      | 1 2 3 |  3.0
Earth Magic    | 1 2 3 |  3.0
Poison Magic   | 1 2 3 |  3.0
Dodging        | 5 |  5.9
Stealth        | 5 |  5.6
Summonings     | |  7.7

Action                   |  1- 3 |  4- 6 |  7- 9 || total
-------------------------+-------+-------+-------++-------
Melee: Unarmed           |    19 |       |       ||    19
       Bite              |     2 |     5 |     6 ||    13
       Dagger            |    25 |     3 |       ||    28
       Hand axe          |       |    24 |       ||    24
       Whip              |       |    33 |    30 ||    63
       Punch             |       |     1 |       ||     1
 Cast: Summon Small Mamm |    42 |    26 |    16 ||    84
       Call Imp          |     9 |    13 |    17 ||    39
       Call Canine Famil |     4 |    18 |    20 ||    42
       Slow              |       |    20 |     8 ||    28
       Summon Guardian G |       |     1 |     7 ||     8
  Use: Scroll            |       |     4 |     3 ||     7
       Potion            |       |       |     1 ||     1
 Stab: Distracted        |     1 |       |     1 ||     2
       Sleeping          |       |     1 |     1 ||     2
Armor: Robe              |    14 |     4 |     7 ||    25
Dodge: Dodged            |    41 |    22 |    35 ||    98
Block: Kite shield       |       |       |     3 ||     3
